 Dungeon Crawl Stone Soup version 0.29.1-15-g9cfb28693d (webtiles) character file.

Game seed: 17853291552413936258

21 H0rd4k the Charlatan (level 2, -2/19 HPs)
             Began as an Octopode Artificer on Mar 27, 2023.
             Slain by a goblin
             ... wielding a +0 dagger
              (4 damage)
             ... on level 1 of the Dungeon.
             The game lasted 00:00:26 (580 turns).

H0rd4k the Charlatan (Octopode Artificer)            Turns: 580, Time: 00:00:27

Health: -2/19      AC:  1    Str: 11    XL:     2   Next: 83%
Magic:  3/3        EV: 13    Int: 13    God:
Gold:   12         SH:  0    Dex: 12    Spells: 3/3 levels left

rFire   . . .      SeeInvis .   (no weapon)
rCold   . . .      Faith    .   (no shield)
rNeg    . . .      Spirit   .   (helmet restricted)
rPois   .          Reflect  .   (no amulet)
rElec   .          Harm     .   (no ring)
rCorr   .          Rampage  .   (no ring)
Will    .....                   (no ring)
Stlth   +++.......              (no ring)
HPRegen 0.06/turn               (no ring)
MPRegen 0.08/turn               (no ring)
                                (no ring)
                                (no ring)

@: no status effects
A: almost no armour, amphibious, 8 rings, camouflage 1, gelatinous body 1,
(nimble swimmer 1), tentacles
a: no special abilities


You were on level 1 of the Dungeon.
You visited 1 branch of the dungeon, and saw 1 of its levels.

You collected 12 gold pieces.

Inventory:

Wands
 b - a wand of flame (15) (quivered)
 c - a wand of charming (15)
 d - a wand of iceblast (5)
Scrolls
 e - a scroll of identify {unknown}
 g - a scroll of vulnerability {unknown}
Potions
 a - a potion of brilliance {unknown}
 f - a potion of magic {unknown}


   Skills:
 * Level 2.0 Fighting
 - Level 2.3 Dodging
 - Level 1.3 Stealth
 + Level 0.4 Unarmed Combat
 * Level 1.2 Spellcasting
 - Level 3.2 Evocations


You had 3 spell levels left.
You didn't know any spells.
Your spell library was empty.

Dungeon Overview and Level Annotations

Branches:
Dungeon (1/15)

Altars:


Innate Abilities, Weirdness & Mutations

You cannot wear most types of armour.
You are amphibious.
You can wear up to eight rings at the same time.
Your skin changes colour to match your surroundings (Stealth+).
Your rubbery body absorbs attacks. (AC +1, EV +1)
((You are camouflaged when in or above water. (Stealth+)))
You have tentacles for arms and can constrict up to eight enemies at once.


Message History

A ball python comes into view.
The ball python hisses angrily.
A goblin comes into view. It is wielding a +0 club.
You see here a +0 ring mail.
The quokka barely misses you.
The goblin shouts!
You closely miss the quokka.
The goblin shouts!
Your grab misses the quokka.
You squeeze the quokka, but do no damage.
The quokka barely misses you. The goblin barely misses you.
There are monsters nearby!
You tentacle-slap the quokka but do no damage.
Your grab misses the quokka. The quokka bites you.
There are monsters nearby!
You tentacle-slap the quokka. You grab the quokka.
The quokka is heavily wounded.
You constrict the quokka, but do no damage.
The quokka bites you. The goblin hits you with a +0 dagger.
The ball python bites you. The ball python closely misses you.
The quokka closely misses you.
There are monsters nearby!
You tentacle-slap the quokka but do no damage.
You squeeze the quokka.
The quokka is severely wounded.
You constrict the quokka, but do no damage.
The goblin hits you with a +0 dagger. The ball python completely misses you.
The ball python closely misses you. The quokka bites you.
* * * LOW HITPOINT WARNING * * *
You release your grip on the quokka.
The ball python attacks as you move away!
The ball python bites you.
* * * LOW HITPOINT WARNING * * *
You see here a +0 ring mail.
The ball python barely misses you. The ball python grabs you.
The ball python constricts you.
* * * LOW HITPOINT WARNING * * *
You escape the ball python's grasp.
The goblin attacks as you move away! The goblin hits you with a +0 dagger.
You die...

..# #..# #..
######.####
.....#....#
..........##
........r..#######
###
.......gS@.......#
÷..
#.......g.######.##
.÷. #.........#
#..# ....
#...####### ##.#.
..... #..
#.#....÷÷. #.
#.##...8.8 #
######.....##.#
+.............
#####..##..####


You could see a quokka, 2 goblins and a ball python.

Vanquished Creatures
  2 dart slugs (D:1)
  3 bats (D:1)
  An endoplasm (D:1)
  A giant cockroach (D:1)
  2 hobgoblins (D:1)
  A quokka (D:1)
  A frilled lizard (D:1)
  2 kobolds (D:1)
  3 rats (D:1)
16 creatures vanquished.

Notes
Turn   | Place    | Note
-------+----------+-------------------------------------------
     0 | D:1      | H0rd4k the Octopode Artificer began the quest for the Orb.
     0 | D:1      | Reached XP level 1. HP: 13/13 MP: 1/1
   214 | D:1      | Reached XP level 2. HP: 16/18 MP: 1/3
   267 | D:1      | Reached skill level 1 in Spellcasting
   580 | D:1      | Slain by a goblin

Illustrated notes

Levels and vault maps discovered:
D:1:      psy_arrival_terrarium, layout_basic, shapermc_ecumenical_altar_pompeii

Skill      XL: |  1  2 |
---------------+-------+-----
Spellcasting   | 1 |  1.2
Fighting       | 2 |  2.0
Dodging        | |  2.3
Stealth        | |  1.3
Unarmed Combat | |  0.4
Evocations     | |  3.2

Action                   || total
-------------------------++-------
Melee: Unarmed           ||    39
       Constrict         ||    14
       Tentacles         ||    13
 Stab: Sleeping          ||     9
Dodge: Dodged            ||    24
